[Event "*** Titled Tuesday Blitz"]
[Site "Chess.com"]
[Date "2018.04.03"]
[Round "8"]
[White "Orest_Vovk"]
[Black "temiksmozg"]
[Result "0-1"]
[WhiteElo "2373"]
[BlackElo "2552"]
[TimeControl "180+2"]
[EndTime "14:45:45 PDT"]
[Termination "temiksmozg won by resignation"]

1. g4 c6 2. Bg2 d5 3. h3 e5 4. d4 Nd7 5. c4 dxc4 6. Nf3 Bd6 7.
dxe5 Nxe5 8. Nxe5 Bxe5 9. Qxd8+ Kxd8 10. O-O Ne7 11. Rd1+ Kc7 12. f4 Bd6 13. Na3 Bc5+ 14. Kf1 h5 15. f5 hxg4 16. Bf4+ Kb6 17. Nxc4+ Ka6 18. hxg4 Nd5 19. Bxd5 cxd5 20. Ne5 f6 21. Nd3 Be7 22. Kg2 Bd7 23. b4 b6 24. a4 Kb7 25.
a5 Bb5 26. Rdc1 Rac8 27. axb6 axb6 28. Bd2 d4 29. Rxc8 Rxc8 30. Ra2 Bc6+ 31. Kf2 Bd5 32. Rb2 Rh8 33. Nf4 Bc4 34. Nh5 Bf7 35. Nxg7 Rh2+ 36.
Kg3 Rxe2 37. Ne6 Bd6+ 38. Kf3 Rh2 39. Nxd4 Bd5+ 40. Ke3 Be5 41. Kd3 b5 42. Rc2 Bc4+ 43. Ke4 Rg2 44. g5 Rg4+ 45. Kf3 Rxd4 46. gxf6 Bxf6 47.
Be3 Rd3 48. Ke4 Rd7 49. Bc5 Bd3+ 0-1

[Event "*** Titled Tuesday Blitz"]
[Site "Chess.com"]
[Date "2018.04.03"]
[Round "8"]
[White "Entilza"]
[Black "RojonR"]
[Result "0-1"]
[WhiteElo "2179"]
[BlackElo "2385"]
[TimeControl "180+2"]
[EndTime "14:45:45 PDT"]
[Termination "RojonR won by resignation"]

1. d4 Nf6 2. c4 e6 3. Nc3 Bb4 4. e3 b6 5. Ne2 Bb7 6. a3 Be7 7. d5 O-O 8. g3 d6 9. Bg2 Nbd7 10. O-O e5 11. f4 a5 12. e4 c6 13. h3 cxd5 14. cxd5 Rc8 15. Be3 Ba6 16. f5 Nc5 17. b4 Bxe2 18. Qxe2 Nb3 19. Na4 Nxa1 20. Rxa1 axb4 21.
axb4 Ra8 22. Ra2 Nd7 23. g4 Bg5 24. Bf2 Qc7 25. Bf1 Rfc8 26. h4 Bf4 27. g5 Qb7 28.
Kg2 Rc1 29. Qb5 h6 30. Nc3 Rxa2 31. Nxa2 Rc2 32. Qa4 Qc7 33. Bd3 Rd2 34. Bb5 Nf8 35. Kf3 Qc2 36. Qxc2 Rxc2 37. Bxb6 Rxa2 38. Bc6 Rb2 39.
b5 hxg5 40. hxg5 Bxg5 41. Bc7 Be7 42. b6 g5 43. fxg6 fxg6 44. b7 Nd7 45. Bxd7 Rxb7 46.
Be6+ Kg7 47. Ba5 Rb3+ 48. Kg4 Re3 49. Bd2 Rxe4+ 50. Kf3 Rd4 51. Be3 Ra4 52. Bf2 Bg5 53. Bg3 Kf6 54. Bf2 Ra3+ 55. Ke2 Ra2+ 56. Kf3 e4+ 57. Kg3 Bf4+ 58. Kxf4 Rxf2+ 59. Kxe4 g5 60. Ke3 Rf4 61. Bd7 Ke5 62. Be6 g4 0-1

[Event "*** Titled Tuesday Blitz"]
[Site "Chess.com"]
[Date "2018.04.03"]
[Round "8"]
[White "nickmatta"]
[Black "r31415"]
[Result "1-0"]
[WhiteElo "2305"]
[BlackElo "2200"]
[TimeControl "180+2"]
[EndTime "14:45:52 PDT"]
[Termination "nickmatta won by resignation"]

1. d4 d6 2. Nf3 g6 3. c4 f5 4. g3 Nf6 5. Bg2 Bg7 6. O-O O-O 7. b3 e5 8. dxe5 dxe5 9. Ba3 Re8 10. Nc3 e4 11.
Ng5 Nc6 12. Qxd8 Rxd8 13. Nb5 Ne8 14. Rac1 a6 15. Nc3 Rd2 16. f3 Bxc3 17. Rxc3 Rxa2 18.
Bc1 Nd4 19. Re3 Rxe2 20. fxe4 fxe4 21. Rd1 Rxe3 22. Bxe3 Ne6 23. Nxe4 c6 24. Bh6 Nf8 25. Rd8 Kf7 26. Bxf8 Kxf8 27. Nd6 Ke7 28. Rxc8 Rxc8 29. Nxc8+ Kd7 30. Nb6+ Kc7 31. c5 Ng7 32. Bh3 Nh5 33.
Kf2 Nf6 34. Ke3 g5 35. Bf5 h5 36. Kd4 h4 37. Ke5 hxg3 38. hxg3 Nh5 39. g4 Ng3 40. Kf6 Ne2 41. Kxg5 Nd4 42. b4 a5 43. bxa5 Nb3 44.
Nc4 Nxc5 45. Kh6 Kd8 46. g5 Ke7 47. g6 Nd7 48. Bxd7 Kxd7 49. g7 Kc7 50. g8=Q b5 51. axb6+ 1-0

[Event "*** Titled Tuesday Blitz"]
[Site "Chess.com"]
[Date "2018.04.03"]
[Round "8"]
[White "Blitzstream"]
[Black "dolynachess"]
[Result "1-0"]
[WhiteElo "2451"]
[BlackElo "2397"]
[TimeControl "180+2"]
[EndTime "14:45:53 PDT"]
[Termination "Blitzstream won by resignation"]

1. e4 d5 2. exd5 Qxd5 3. Nc3 Qd8 4. Nf3 Bg4 5. Be2 Nf6 6. O-O e6 7. d4 Be7 8. Bf4 O-O 9. Qd2 c5 10. Rad1 Nc6 11. dxc5 Qxd2 12. Rxd2 Bxc5 13. h3 Bh5 14. a3 Rfd8 15. Rfd1 Rxd2 16. Rxd2 Rd8 17. Rxd8+ Nxd8 18. b4 Be7 19. Be3 a6 20. Kf1 Kf8 21. Ne5 Bxe2+ 22.
Kxe2 Ke8 23. Kd3 Bd6 24. Nc4 Kd7 25. Bd4 Nh5 26. g3 Nc6 27. Ne4 Be7 28. Bb2 f5 29. Ned2 Nf6 30. Nf3 Bd6 31. Nxd6 Kxd6 32. c4 Ke7 33. b5 Nb8 34. a4 g6 35. Ba3+ Kd8 36. Ng5 Kd7 37. Bb2 Ne8 38. Nxh7 Ke7 39. Ng5 Nd6 40.
Ba3 Kd7 41. Nf3 Ne4 42. Ne5+ Kc7 43. Ke3 g5 44. h4 gxh4 45. gxh4 Nf6 46. f3 Nh5 47. c5 axb5 48. axb5 Nd7 49. Nxd7 Kxd7 50. Bb2 Ng3 51. Be5 Nh5 52. Kd4 Kc8 53. c6 bxc6 54. bxc6 Kd8 55. Kc5 f4 56. Kd6 Ng3 57. Kxe6 Ne2 58. h5 Ng1 59. h6 Nxf3 60. Bxf4 Nh4 61.
Bg5+ Kc7 62. Bxh4 Kxc6 63. h7 1-0

[Event "*** Titled Tuesday Blitz"]
[Site "Chess.com"]
[Date "2018.04.03"]
[Round "8"]
[White "2L8IWUN"]
[Black "TomPolgar"]
[Result "1-0"]
[WhiteElo "2133"]
[BlackElo "2233"]
[TimeControl "180+2"]
[EndTime "14:45:55 PDT"]
[Termination "2L8IWUN won by resignation"]

1. d4 Nf6 2. c4 g6 3. Nc3 Bg7 4.
e4 d6 5. Nf3 O-O 6. Be2 e5 7. O-O Nc6 8. d5 Ne7 9. Ne1 Nd7 10. Be3 f5 11. f3 f4 12. Bf2 g5 13.
Nb5 b6 14. b4 a6 15. Nc3 a5 16.
bxa5 Rxa5 17. Nd3 h5 18. Nb5 Nf6 19. a4 g4 20. Be1 Ra8 21. a5 bxa5 22. Rxa5 Rb8 23.
Ra7 gxf3 24. gxf3 Bh3 25. Rf2 Ne8 26. Bf1 Bd7 27. Rg2 Nc8 28. Ra3 Kh7 29. Nb4 Rg8 30. Nc6 Bxc6 31. dxc6 Ne7 32. c5 Nxc6 33. Bc4 Rf8 34. Qd5 Ne7 35. Qd2 dxc5 36. Rd3 Qc8 37. Rd7 Ng6 38. Rg5 Nf6 39. Rxc7 Qd8 40. Qg2 Rxb5 41. Rxg7+ Kxg7 42. Rxg6+ Kh8 43. Bxb5 c4 44. Qg5 Qd4+ 45. Bf2 Qd1+ 46. Kg2 Nh7 47. Qxe5+ Nf6 48. Rxf6 Kh7 49. Qxh5+ Kg7 50. Qg6+ 1-0

[Event "*** Titled Tuesday Blitz"]
[Site "Chess.com"]
[Date "2018.04.03"]
[Round "8"]
[White "335394862"]
[Black "patrisiii123"]
[Result "0-1"]
[WhiteElo "2298"]
[BlackElo "2262"]
[TimeControl "180+2"]
[EndTime "14:46:01 PDT"]
[Termination "patrisiii123 won by checkmate"]

1. e4 b6 2. d4 Bb7 3. Bd3 e6 4.
Nf3 c5 5. c3 Nf6 6. Qe2 d5 7.
e5 Nfd7 8. a4 Nc6 9. Bg5 Be7 10.
Bxe7 Qxe7 11. O-O O-O 12. Na3 a6 13. Nc2 c4 14. Bxc4 dxc4 15. Qxc4 Na5 16. Qe2 Rfc8 17. Ne3 Nf8 18. Rac1 Ng6 19. b4 Nf4 20. Qd1 Nc4 21.
Re1 Bxf3 22. Qxf3 Nd3 23. Nxc4 Nxe1 24. Rxe1 Qc7 25. Nd6 Qxc3 26. Qxf7+ Kh8 27. Rf1 Rf8 28. Qxe6 Qxd4 29. Qe7 Qf4 30. e6 h6 31. Nf7+ Kh7 32. Qd7 Rfe8 33. Qd3+ Kg8 34. Qg6 Re7 35. Rd1 Rae8 36.
g3 Qf6 37. Nxh6+ Kf8 38. Qf7+ Rxf7 39. exf7 Rc8 40. Re1 Qxh6 41. f4 Qf6 42. Rd1 Qxf7 43. Re1 Qc4 44. Rd1 Qc3 45. Rf1 Qe3+ 46. Kg2 Rc2+ 47.
Kh3 Qe6+ 48. g4 Qe3+ 49. Kh4 Rxh2+ 50. Kg5 Qe7+ 51. Kf5 Qf6+ 52. Ke4 Re2+ 53. Kf3 Qb2 54. Rd1 Rf2+ 55. Kg3 Rg2+ 56. Kh4 Rh2+ 57. Kg5 Qf6# 0-1

[Event "*** Titled Tuesday Blitz"]
[Site "Chess.com"]
[Date "2018.04.03"]
[Round "8"]
[White "abubakrtagelsir"]
[Black "comedy_of_errors"]
[Result "1/2-1/2"]
[WhiteElo "2255"]
[BlackElo "2424"]
[TimeControl "180+2"]
[EndTime "14:46:04 PDT"]
[Termination "Game drawn - insufficient material"]

1. e4 e6 2. d4 d5 3. Nc3 dxe4 4.
Nxe4 Bd7 5. Nf3 Bc6 6. Bd3 Nd7 7.
O-O Ngf6 8. Ng3 g6 9. c4 Bg7 10. b4 O-O 11. b5 Bxf3 12. Qxf3 e5 13. Qxb7 exd4 14. Ba3 Re8 15. c5 Ne5 16. Rad1 Qd5 17. Qxd5 Nxd5 18. Be4 Rad8 19. Rxd4 Nf3+ 20. gxf3 Bxd4 21.
Rd1 Nc3 22. Rf1 Nxb5 23. Bb4 Bc3 24. Bxc3 Nxc3 25. Bc6 Re5 26. f4 Rxc5 27. Bf3 Rd3 28. Kg2 Nxa2 29. Ra1 Rd2 30. Ne4 Rcc2 31. Nxd2 Rxd2 32. Bc6 a5 33. Bb5 c5 34. Bc4 Nc3 35. Rxa5 Ne4 36. Kf3 Rd4 37. Ra8+ Kg7 38. Bb5 f5 39.
Rc8 Rd2 40. Be2 Rc2 41. Ke3 Rc3+ 42. Bd3 Nxf2 43. Kxf2 Rxd3 44. Rxc5 Kh6 45. Rc7 Rd4 46. Kg3 Ra4 47. Kf3 Ra3+ 48. Kg2 Ra4 49. Kg3 Re4 50. Rb7 Re8 51. Rc7 Rh8 52. Kh4 Ra8 53. Kg3 Ra1 54.
Rb7 Rg1+ 55. Kf2 Rg4 56. Kf3 g5 57. fxg5+ Rxg5 58. Kf4 Rh5 59. h4 Kg6 60. Rb6+ Kf7 61. Rb7+ Ke6 62. Rb6+ Kd5 63. Rb5+ Ke6 64. Rb6+ Kd7 65.
Rb7+ Kc6 66. Rf7 Rxh4+ 67. Kxf5 Kd6 68. Kg5 Rh1 69. Rf6+ Ke5 70. Rf2 h5 71. Re2+ Kd4 72. Ra2 Ke3 73. Ra4 Kf3 74. Rh4 Rxh4 75. Kxh4 Kg2 76. Kxh5 1/2-1/2

[Event "*** Titled Tuesday Blitz"]
[Site "Chess.com"]
[Date "2018.04.03"]
[Round "8"]
[White "KNVB"]
[Black "GameOverBro"]
[Result "1-0"]
[WhiteElo "2591"]
[BlackElo "2414"]
[TimeControl "180+2"]
[EndTime "14:46:06 PDT"]
[Termination "KNVB won by resignation"]

1. d4 d6 2. e4 Nf6 3. f3 e5 4. dxe5 dxe5 5. Qxd8+ Kxd8 6. Bc4 Ke8 7. Be3 Nbd7 8. Nd2 Bc5 9. Nf1 Ke7 10. a4 c6 11.
Ne2 Rd8 12. O-O-O a6 13. a5 Bb4 14. Bd2 Bxd2+ 15. Rxd2 Ne8 16. Ne3 Nd6 17. Rhd1 Nf8 18. Bb3 g6 19. Nc3 Be6 20. Bxe6 Nxe6 21. Na4 Nd4 22. Kb1 f6 23. Nc5 Rab8 24. c3 Ne6 25. Na4 Nb5 26. Kc2 Rxd2+ 27. Rxd2 Rd8 28. Rf2 h5 29. h4 Nf4 30. Nc5 Nd6 31. Rd2 Ne6 32. Na4 Nb5 33. Rf2 Nd6 34. g3 Nb5 35. Nc4 Nd6 36.
Nxd6 Rxd6 37. b4 Rd8 38. Re2 Rc8 39. Nb2 c5 40. Kb3 cxb4 41. Kxb4 Rd8 42. Nc4 Rd3 43.
Ne3 Kd6 44. Kc4 Nc5 45. Nd5 Rxf3 46. Rb2 Nd7 47. Rxb7 f5 48. Ra7 Rxg3 49. Rxa6+ Nb6+ 50. Rxb6+ Kd7 51. a6 Rg1 52. a7 Ra1 53. Rxg6 f4 54. Rg8 f3 55. a8=Q 1-0

[Event "*** Titled Tuesday Blitz"]
[Site "Chess.com"]
[Date "2018.04.03"]
[Round "8"]
[White "PowerThinking2650"]
[Black "Triumphmate"]
[Result "0-1"]
[WhiteElo "2215"]
[BlackElo "2161"]
[TimeControl "180+2"]
[EndTime "14:46:11 PDT"]
[Termination "Triumphmate won by resignation"]

1. e4 e5 2. Nf3 Nc6 3. d4 exd4 4. Nxd4 Nf6 5. Nxc6 bxc6 6. e5 Qe7 7. Qe2 Nd5 8. c4 Nb6 9. Nc3 Qe6 10. Qe4 Bb4 11. Bd3 Ba6 12. Bd2 Bxc4 13. O-O Bxd3 14. Qxd3 O-O 15. f4 Qc4 16. Qh3 f5 17. Kh1 Rae8 18. a3 Bxc3 19. Bxc3 Re6 20. Rad1 Rh6 21.
Qf3 Nd5 22. Rd4 Qb5 23. Rfd1 Rg6 24. h3 Rb8 25. Rxd5 cxd5 26. Rxd5 Qc6 27. Qd3 a6 28. a4 Rb3 29. Qd1 Rb8 30. Qd3 h6 31. Kh2 Qxa4 32.
Rd4 Qc6 33. g4 fxg4 34. Qxg6 Qxg6 35. Rxd7 g3+ 36. Kg2 a5 37. Rxc7 a4 38. e6 Qxe6 39. Rxg7+ Kf8 40. Be5 Qd5+ 41. Kxg3 Rb3+ 42. Kh4 Qd8+ 43.
Kg4 h5+ 44. Kf5 Rb5 45. Rg6 Qd3+ 46. Kg5 Qg3+ 47. Kxh5 Qxh3+ 48. Kg5 Rb7 49. Bd6+ Kf7 50. Rf6+ Kg7 51. Rg6+ Kh7 52. f5 Rf7 53. Rf6 Qg2+ 0-1

[Event "*** Titled Tuesday Blitz"]
[Site "Chess.com"]
[Date "2018.04.03"]
[Round "8"]
[White "Firouzja2003"]
[Black "XDPS"]
[Result "0-1"]
[WhiteElo "2732"]
[BlackElo "2611"]
[TimeControl "180+2"]
[EndTime "14:46:14 PDT"]
[Termination "XDPS won by resignation"]

1. d4 d5 2. c4 c6 3. Nf3 Nf6 4. Nc3 e6 5. Bg5 Nbd7 6. e3 Qa5 7. Nd2 dxc4 8. Bxf6 Nxf6 9. Nxc4 Qc7 10. g3 Be7 11.
Bg2 O-O 12. O-O Rd8 13. Rc1 Bd7 14. a3 Be8 15. b4 Rac8 16. Qe2 Qb8 17. Rfd1 b6 18.
Ne5 Nd5 19. Ne4 c5 20. bxc5 bxc5 21. Rb1 Qc7 22. Rdc1 Qa5 23. Qc2 Ba4 24. Qc4 Nb6 25. Qc3 Qxc3 26. Nxc3 cxd4 27. Nxa4 Nxa4 28. Nc6 Rxc6 29.
Rxc6 dxe3 30. fxe3 Bc5 31. Kf2 g6 32. Bf1 Rd2+ 33.
Kf3 Bb6 34. Bb5 Nc5 35. a4 Rd5 36. Bc4 Rf5+ 37. Ke2 Nxa4 38. Bd3 Re5 39. Rb4 Nc5 40. Bc2 Kg7 41. Rc4 Nd7 42. e4 Nf6 43. Rc8 h5 44.
Rb8 g5 45. Rb7 Kg6 46. Kf3 Kg7 47. Bb3 g4+ 48. Ke2 Nxe4 49. Kd1 Nd6 50. Rxb6 Nxc4 51. Ra6 Ne3+ 52. Ke2 Nf5+ 53. Kf2 Nd4 54. Bc4 Rc5 55.
Bd3 Rc3 56. Ke3 Nc6 57. Kd2 Rxd3+ 0-1

[Event "*** Titled Tuesday Blitz"]
[Site "Chess.com"]
[Date "2018.04.03"]
[Round "8"]
[White "julinha97"]
[Black "ajkom197"]
[Result "1-0"]
[WhiteElo "2243"]
[BlackElo "2392"]
[TimeControl "180+2"]
[EndTime "14:46:22 PDT"]
[Termination "julinha97 won by resignation"]

1. e4 c6 2. d4 d5 3. exd5 cxd5 4. c4 Nf6 5. Nc3 Nc6 6. Bg5 dxc4 7. Bxc4 h6 8. Bh4 e6 9. Nf3 Be7 10. O-O O-O 11. Re1 b6 12. a3 Bb7 13. Qd3 Nh5 14. Bg3 Nxg3 15. hxg3 Bf6 16. Rad1 g6 17. Bxe6 fxe6 18. Qxg6+ Bg7 19. Rxe6 Rf6 20. Qg4 Qd7 21. d5 Rxe6 22. dxe6 Qe8 23. Nd5 Qf8 24. Nh4 Ne5 25. Qh5 Bxd5 26. Rxd5 Qf6 27. f4 Nc6 28. Nf5 Qxe6 29.
Rd6 Qe1+ 30. Kh2 Ne7 31. Nxh6+ Bxh6 32. Qxh6 Qxg3+ 33. Kxg3 Nf5+ 34. Kf2 Nxh6 35. Rxh6 Rc8 36. Re6 Rc4 37. Kf3 Kf7 38. Re2 Kf6 39. g4 a5 40.
Rh2 b5 41. Rh6+ Kg7 42. Rb6 b4 43. axb4 axb4 44. g5 Kf7 45. Kg4 Kg7 46. b3 Rd4 47. Kf5 Kf7 48. Rb7+ Ke8 49. Ke6 Re4+ 50. Kf5 Rd4 51.
g6 Kf8 52. Kg5 Kg8 53. Kh6 Rd8 54. Rxb4 Kh8 55. Rb7 Kg8 56. f5 Rc8 57. f6 1-0

[Event "*** Titled Tuesday Blitz"]
[Site "Chess.com"]
[Date "2018.04.03"]
[Round "8"]
[White "GMAkobianSTL"]
[Black "amintabatabaei"]
[Result "1-0"]
[WhiteElo "2670"]
[BlackElo "2649"]
[TimeControl "180+2"]
[EndTime "14:46:32 PDT"]
[Termination "GMAkobianSTL won by resignation"]

1. d4 e6 2. c4 b6 3. Nf3 Bb7 4. g3 Bb4+ 5. Bd2 Bxf3 6. exf3 Bxd2+ 7. Qxd2 Nf6 8. Bg2 d5 9. f4 Nc6 10. O-O O-O 11. Nc3 Ne7 12. Rac1 Qd7 13. cxd5 Nexd5 14. Nxd5 Nxd5 15. Rc4 Rac8 16. Rfc1 Ne7 17. Bb7 Rcd8 18. Rxc7 Qd6 19. Be4 Rd7 20. Qc2 g6 21. Rxd7 Qxd7 22.
Qc7 Rd8 23. Qxd7 Rxd7 24. Rc4 b5 25. Rb4 a6 26. a4 Nd5 27. Bxd5 Rxd5 28. axb5 axb5 29.
Kf1 Kg7 30. Ke2 Kf6 31. Kd3 Kf5 32. f3 h5 33. h4 f6 34. Kc3 g5 35. fxg5 fxg5 36. hxg5 Kxg5 37. Kd3 h4 38. gxh4+ Kxh4 39. Ke4 Kg3 40. Rb3 Rf5 41. Rc3 b4 42. Rc4 Rf4+ 43. Ke5 Rxf3 44. Rxb4 Re3+ 45. Kd6 Re4 46. Kc5 Kf4 47. Rc4 Kf5 48. b4 Kf6 49. b5 Ke7 50. Kc6 Kd8 51. b6 Re1 52. b7 Rb1 53. Rc5 Rb4 54.
d5 e5 55. d6 e4 56. Rb5 1-0

[Event "*** Titled Tuesday Blitz"]
[Site "Chess.com"]
[Date "2018.04.03"]
[Round "8"]
[White "Patzel09"]
[Black "ZapataCharlesS"]
[Result "1/2-1/2"]
[WhiteElo "2566"]
[BlackElo "2674"]
[TimeControl "180+2"]
[EndTime "14:46:59 PDT"]
[Termination "Game drawn by repetition"]

1. e4 e5 2. f4 Qh4+ 3. g3 Qe7 4. Nc3 exf4 5. Bg2 fxg3 6. hxg3 Nf6 7. d4 d6 8. Bg5 c6 9. Qe2 Nbd7 10. O-O-O h6 11. Nf3 Rg8 12. Bd2 d5 13. e5 Ng4 14.
Ne1 Nb6 15. Bf3 f5 16. Nd3 Be6 17. b3 O-O-O 18. Kb2 g5 19. Nc5 Kb8 20. a4 Bc8 21. a5 Nd7 22. Nxd7+ Qxd7 23. Rdf1 Qe8 24. Na4 Be6 25.
b4 h5 26. Nc5 Bc8 27. Ra1 Rg7 28. Ra3 Ka8 29. Rc1 h4 30. gxh4 gxh4 31. a6 Bxc5 32. bxc5 h3 33. Rh1 Rh7 34. Bf4 bxa6 35. e6 Rb7+ 36. Rb3 Rxb3+ 37. Kxb3 Bxe6 38. Rxh3 Bc8 39. Rh7 Qxe2 40. Bxe2 Re8 41. Rc7 Bb7 42. Bd3 Ne3 43. Kb4 Ng2 44. Be5 Ne1 45. Bxf5 Nf3 46. Bg7 Nd2 47.
Kc3 Nc4 48. Bd3 Re3 49. Kb3 a5 50. Ka2 Re8 51. Bxc4 dxc4 52. Ka3 Re2 53. d5 cxd5 54.
c6 Bxc6 55. Rxc6 Rxc2 56. Rc7 Kb8 57. Rd7 Rd2 58. Be5+ Kc8 59. Rxa7 Re2 60. Bg7 Rd2 61. Rxa5 Kb7 62. Kb4 Kb6 63. Ra1 Rd3 64. Bc3 Kb7 65.
Rc1 Kc6 66. Ra1 Kb7 67. Rc1 Kc6 68. Ra1 Kb6 69. Rc1 Kc6 70. Ra1 1/2-1/2

[Event "*** Titled Tuesday Blitz"]
[Site "Chess.com"]
[Date "2018.04.03"]
[Round "8"]
[White "Rodalquilar"]
[Black "ChessWarrior7197"]
[Result "1-0"]
[WhiteElo "2481"]
[BlackElo "2637"]
[TimeControl "180+2"]
[EndTime "14:47:00 PDT"]
[Termination "Rodalquilar won by resignation"]

1. d4 Nf6 2. c4 e6 3. Nc3 Bb4 4. Qc2 O-O 5. e4 Bxc3+ 6. bxc3 d6 7. Bd3 e5 8. Ne2 c5 9. O-O Nc6 10. f4 Bg4 11. fxe5 dxe5 12. d5 Nb8 13. Ng3 Ne8 14.
Be3 b6 15. a4 a5 16. Rab1 Nd6 17. Qb2 Ra6 18. Qf2 Bd7 19. Nh5 f6 20. Qg3 Ne8 21.
Bh6 Qe7 22. d6 Qf7 23. Bxg7 Nxg7 24. Nxf6+ Qxf6 25. Rxf6 Rxf6 26. Qxe5 Re6 27. Qg5 Nc6 28. Rf1 Ra8 29. Qf4 Ne5 30. Be2 h5 31. Qg5 Nf7 32.
Rxf7 Kxf7 33. Bxh5+ Kg8 34. Bg4 Rxd6 35. Qe7 Re6 36. Qxd7 Ree8 37. Qd5+ Kh8 38. e5 Rad8 39. Bd7 Re7 40. e6 Kg8 41. Qg5 Rexd7 42. exd7 Rxd7 43.
Qf6 Rd1+ 44. Kf2 Rb1 45. g4 Ra1 46. Qxb6 Rxa4 47. Qxc5 Ra2+ 48. Kg3 a4 49. Qc8+ Kh7 50. c5 a3 51. Qa6 Ra1 52. c6 a2 53. Kg2 Ne6 54.
c7 Nxc7 55. Qa7 Kg8 56. Qb8+ Kg7 57. Qxc7+ Kg6 58. Qa7 Kg5 59. h3 Kf4 60. Qf2+ Ke4 61. Qb2 Rd1 62. Qxa2 1-0

[Event "*** Titled Tuesday Blitz"]
[Site "Chess.com"]
[Date "2018.04.03"]
[Round "8"]
[White "Sebastian"]
[Black "maximlavrov"]
[Result "1-0"]
[WhiteElo "2798"]
[BlackElo "2421"]
[TimeControl "180+2"]
[EndTime "14:47:04 PDT"]
[Termination "Sebastian won by resignation"]

1. e4 g6 2. d4 Bg7 3. Nc3 d6 4. Be3 a6 5. Qd2 b5 6. h4 h5 7. O-O-O Bb7 8. Nh3 b4 9. Nd5 a5 10. Ng5 e6 11. Nf4 Nd7 12. Ngxe6 fxe6 13. Nxe6 Qc8 14. Nxg7+ Kf7 15. Ne6 Kxe6 16. Bc4+ Kf6 17. Rh3 Kg7 18.
d5 Ngf6 19. Bd4 Kh7 20. Qg5 Qd8 21. Bd3 Ng4 22. Qd2 Rf8 23. f3 Nge5 24. Be2 Ba6 25. Bxa6 Rxa6 26. Qe2 Ra8 27. g4 Qf6 28. gxh5 gxh5 29.
Kb1 Qf7 30. f4 Ng4 31. Rf3 Rae8 32. Qd3 Nde5 33. Bxe5 Nxe5 34. Qe2 Nxf3 35. Qxf3 Qxf4 36. Qxh5+ Qh6 37. Qg4 Qg6 38. Qd7+ Qf7 39. Qg4 Rg8 40. Qe2 Ref8 41. b3 Qf3 42. Qe1 Rg2 43. Rc1 Re8 44. Qh1 Rxe4 45. h5 Ree2 46. Qh4 Qxd5 47. Qf6 Qxh5 48.
Rf1 Qg6 49. Qh4+ Kg7 50. Ka1 Rg1 51. Qd4+ Kh7 52. Rxg1 c5 53. Rh1+ Kg8 54. Qh8+ Kf7 55. Rh7+ Ke6 56. Rh6 Qxh6 57. Qxh6+ Kd7 58. Qh3+ Kc7 59.
Qd3 Re1+ 60. Kb2 a4 61. bxa4 Re8 62. Qa6 Rb8 63. Kb3 Rb6 64. Qa7+ Kc6 65. Qa8+ Rb7 66. Qe8+ Kb6 67. Kc4 1-0

[Event "*** Titled Tuesday Blitz"]
[Site "Chess.com"]
[Date "2018.04.03"]
[Round "8"]
[White "JSPrepz"]
[Black "FMAntonio"]
[Result "1-0"]
[WhiteElo "2590"]
[BlackElo "2399"]
[TimeControl "180+2"]
[EndTime "14:47:09 PDT"]
[Termination "JSPrepz won by resignation"]

1. e4 e6 2. d4 d5 3. Nc3 Bb4 4.
e5 Ne7 5. Qg4 c5 6. a3 Qa5 7.
Ne2 cxd4 8. axb4 Qxa1 9. Nb5 O-O 10. Nc7 Nbc6 11. Nxa8 Nxb4 12. Kd1 Bd7 13. Nxd4 Rxa8 14. Qg3 Rc8 15. Qa3 Qxa3 16. bxa3 Na2 17. Bb2 Nc3+ 18. Ke1 Ng6 19. Kd2 Na4 20. Ba1 Nxe5 21. Bd3 Nxd3 22. cxd3 e5 23. Nc2 d4 24. Re1 f6 25. f4 Nc5 26.
Rb1 Bf5 27. fxe5 fxe5 28. Ne1 Be6 29. Bb2 Nb3+ 30. Ke2 Bd5 31. Ba1 a5 32. a4 Kf7 33.
Bb2 Ke6 34. Ba3 Rc3 35. Bf8 Kf7 36. Ba3 e4 37. Bb2 exd3+ 38. Nxd3 Rc2+ 39. Ke1 Rxg2 40. Bc1 Nxc1 41. Nxc1 Rxh2 42. Rb5 Bc6 43. Rxa5 Rc2 44.
Nd3 Ke7 45. Rg5 g6 46. a5 Kf6 47. Rg4 Rc4 48. Kd2 Ra4 49. Rf4+ Ke7 50. Rg4 Ra2+ 51. Ke1 Rxa5 52. Rxd4 Rd5 53. Re4+ Kf6 54. Re3 Bb5 55. Nf2 Re5 56. Ng4+ Kf5 57. Rxe5+ Kxg4 58. Rxb5 h5 59. Kf2 g5 60. Kg2 Kf4 61. Rb4+ Ke3 62.
Rxb7 g4 63. Kg3 Ke4 64. Rh7 1-0

[Event "*** Titled Tuesday Blitz"]
[Site "Chess.com"]
[Date "2018.04.03"]
[Round "8"]
[White "Karina_Oparina"]
[Black "gemarin"]
[Result "0-1"]
[WhiteElo "2125"]
[BlackElo "1893"]
[TimeControl "180+2"]
[EndTime "14:47:10 PDT"]
[Termination "gemarin won by resignation"]

1. d4 d5 2. c4 c6 3. Nf3 Nf6 4. e3 e6 5. Nc3 Nbd7 6. Qc2 Be7 7. b3 O-O 8. Be2 Re8 9. Bb2 Nf8 10. O-O b6 11. e4 dxe4 12. Nxe4 Bb7 13. Rad1 Qc7 14.
Nxf6+ Bxf6 15. c5 Rad8 16. Ne5 Bxe5 17. dxe5 Rd5 18. cxb6 Qxb6 19. Bf3 Rc5 20. Qd2 Ra5 21. Bd4 c5 22. Bc3 Ra3 23. Qb2 Bxf3 24. Qxa3 Bxd1 25.
Rxd1 h6 26. Rd6 Qc7 27. Qa5 Qxa5 28. Bxa5 Ng6 29. Bc3 Rc8 30. g3 Rc7 31. Kf1 Ne7 32. Ke2 Nd5 33. Kd3 Kf8 34. Rd8+ Ke7 35. Rg8 g6 36. Rh8 h5 37. Bd2 Kd7 38. Kc4 Kc6 39. Rd8 Nb6+ 40. Kd3 Rd7+ 41. Rxd7 Kxd7 42. Ba5 Nd5 43.
Kc4 Kc6 44. Bd2 Nb6+ 45. Kd3 Kd5 46. f4 Nc8 47. a4 a6 48. Ba5 Ne7 49. Bd2 Nc6 50.
Be3 Na5 51. Kc3 Nc6 52. Kd3 Nb4+ 53. Kc3 Na2+ 54. Kb2 Nb4 55. Kc3 Nc6 56. Kd3 Ne7 57.
Bf2 Nf5 58. h3 Ne7 59. Be3 Nc6 60. g4 hxg4 61. hxg4 Ne7 62. Bf2 g5 63. fxg5 Ng6 64. Bg3 Nxe5+ 65. Bxe5 Kxe5 66. Kc4 Kd6 67. Kd3 Kd5 68.
Ke3 e5 69. a5 e4 70. Kf4 Kd4 71. Kf5 e3 72. Kf6 e2 73. Kxf7 e1=Q 74. g6 Qf2+ 75.
Ke7 Qe2+ 76. Kf7 Qxg4 77. g7 Kc3 0-1

[Event "*** Titled Tuesday Blitz"]
[Site "Chess.com"]
[Date "2018.04.03"]
[Round "8"]
[White "pedromartinez91"]
[Black "murmah2003"]
[Result "0-1"]
[WhiteElo "2372"]
[BlackElo "2456"]
[TimeControl "180+2"]
[EndTime "14:47:14 PDT"]
[Termination "murmah2003 won by resignation"]

1. d4 d6 2. c4 g6 3. Nf3 Bg7 4. g3 Nf6 5. Bg2 O-O 6. O-O c5 7. dxc5 dxc5 8. Nc3 Nc6 9. Qa4 Bd7 10. Qb5 b6 11.
Qb3 Na5 12. Qc2 Nxc4 13. Rd1 Qc8 14. Bf4 Bh3 15. Bh1 Qa6 16. Ng5 Bf5 17. e4 Bg4 18. f3 Bc8 19. e5 Nh5 20. Bc1 Nxe5 21. f4 Bf5 22. Qe2 Qxe2 23. Nxe2 Nc4 24. Bxa8 Rxa8 25. Kf2 Nf6 26. h3 h6 27. Nf3 Bxh3 28. Nc3 Bf5 29. Kg1 Ne4 30. Nxe4 Bxe4 31. Kf2 e6 32. a4 a5 33. Nd2 Bd4+ 34. Ke1 Nxd2 35. Rxd2 Rd8 36. Re2 Bf3 37. Rd2 Rd5 38. Ra3 Be4 39. Rb3 Rh5 40. Rxd4 cxd4 41. Rxb6 Rh1+ 42. Kd2 Rh2+ 43. Ke1 d3 44. Bd2 Bf3 45. Bc3 Re2+ 46. Kf1 g5 47. fxg5 hxg5 48. Rd6 Bg2+ 49. Kg1 Be4 50. Bxa5 Rxb2 51. Bc3 Rc2 52. Bb4 Rc4 53. Rb6 Bf3 54.
Bd2 Rxa4 55. Kf2 g4 56. Ke3 Be4 57. Bc3 Kh7 58. Bb4 Bf5 59. Bc3 Re4+ 60. Kd2 Re2+ 61. Kd1 Be4 62. Rb8 Rg2 63. Be5 Bf3+ 64. Ke1 d2+ 0-1

[Event "*** Titled Tuesday Blitz"]
[Site "Chess.com"]
[Date "2018.04.03"]
[Round "8"]
[White "ahmadzada13"]
[Black "Chesscoach_Golichenko"]
[Result "0-1"]
[WhiteElo "2586"]
[BlackElo "2498"]
[TimeControl "180+2"]
[EndTime "14:47:32 PDT"]
[Termination "Chesscoach_Golichenko won by resignation"]

1. e4 c5 2. Nf3 d6 3. d4 cxd4 4. Nxd4 Nf6 5. Nc3 a6 6. Bc4 e6 7. Bb3 b5 8. O-O Bb7 9. Re1 Nbd7 10. Bg5 Nc5 11. f4 Be7 12. a3 O-O 13. Qf3 h6 14. Bh4 Nfd7 15. Bxe7 Qxe7 16. Rad1 Rac8 17. Rd2 Rfd8 18.
Qg3 Nf6 19. Rde2 d5 20. exd5 Nxb3 21. cxb3 Nxd5 22. b4 Nxb4 23. Nxe6 fxe6 24. axb4 Qxb4 25. h3 Rf8 26. Rxe6 Qxf4 27. Qxf4 Rxf4 28. Re7 Rf7 29.
R7e6 Rcf8 30. Rb6 Rc7 31. Ree6 Rd8 32. Re2 Kh7 33. Kh2 Rdd7 34. Kg1 Re7 35. Rd2 Red7 36. Re2 Rc6 37. Rxc6 Bxc6 38. Re6 Bb7 39. Rb6 Kg8 40. Kf2 Kf7 41. g3 Ke7 42. Ke3 Kd8 43. Rg6 Re7+ 44. Kd4 b4 45. Na4 Re4+ 46. Kc5 Re5+ 47. Kb6 Rb5+ 48. Ka7 Be4 49. Rxg7 Ke8 50. Kxa6 Bd3 51. Ka7 Ra5+ 52. Kb6 Rxa4 53. Rg4 Bc2 54. Kc5 Bd1 55. Rxb4 Rxb4 56. Kxb4 Bf3 57. Kc5 Bg2 58. h4 h5 59.
b4 Kd7 60. Kd4 Bf3 61. Ke3 Bg4 62. Kd4 Kc6 63. Kc3 Kb5 64. Kb3 Bf5 65. Kc3 Be6 66.
Kd4 Kxb4 67. Ke3 Kc3 68. Kf4 Kd4 69. Kg5 Bg4 70. Kf4 Kd3 71. Kg5 Ke3 0-1